 Dungeon Crawl Stone Soup version 0.18.1-48-g4cf74bf (webtiles) character file.

338 Joat the Insei (level 6, 0/44 HPs)
             Began as a Merfolk Transmuter on Aug 15, 2016.
             Shot with an arrow by a centaur (7 damage)
             ... on level 4 of the Dungeon.
             The game lasted 00:28:59 (3789 turns).

Joat the Insei (Merfolk Transmuter)                 Turns: 3789, Time: 00:29:00

Health: 0/44       AC:  4    Str: 10    XL:     6   Next: 55%
Magic:  8/9        EV: 14    Int: 13    God:
Gold:   212        SH:  0    Dex: 16    Spells: 2 memorised, 5 levels left

rFire  . . .     SeeInvis .       - Unarmed
rCold  + . .     Gourm    .     w - +2 robe {rC+}
rNeg   . . .     Faith    .     (no shield)
rPois  .         Spirit   .     (no helmet)
rElec  .         Dismiss  .     (no cloak)
rCorr  .         Reflect  .     (no gloves)
SustAt .         Harm     .     (no boots)
MR     .....                    (no amulet)
Stlth  ++........               (no ring)
                                (no ring)

@: not resistant to hostile enchantments, unstealthy
A: change form in water, swift swim
a: no special abilities


You were on level 4 of the Dungeon.
You were hungry.

You visited 1 branch of the dungeon, and saw 4 of its levels.

You collected 212 gold pieces.

Inventory:

Missiles
 a - 27 arrows
 y - 5 tomahawks of returning (quivered)
Armour
 b - a +0 robe
 w - a +2 robe of cold resistance (worn)
Scrolls
 e - a scroll of amnesia {unknown}
 g - a scroll of noise {unknown}
 h - a scroll of teleportation {unknown}
 i - 4 scrolls of identify {unknown}
 j - a scroll of recharging {unknown}
 l - 2 scrolls of fear {unknown}
 A - a scroll of remove curse {unknown}
Potions
 k - 3 potions of might {unknown}
 m - 2 potions of haste {unknown}
 n - a potion of invisibility {unknown}
 o - 2 potions of mutation {unknown}
 p - a potion of flight {unknown}
 s - a potion of agility {unknown}
 u - a potion of cancellation {unknown}
 v - a potion of curing {unknown}
 x - a potion of degeneration {unknown}
Books
 c - a book of Changes

   Spells                             Type                      Level
   a - Beastly Appendage              Transmutation                1
   b - Sticks to Snakes               Transmutation                2
   c - Spider Form                    Transmutation/Poison         3
   d - Ice Form                       Ice/Transmutation            4
   e - Blade Hands                    Transmutation                5
 z - a book of Air

   Spells                             Type                      Level
   a - Shock                          Conjuration/Air              1
   b - Swiftness                      Charms/Air                   2
   c - Repel Missiles                 Charms/Air                   2
   d - Static Discharge               Conjuration/Air              3
   e - Lightning Bolt                 Conjuration/Air              5
Comestibles
 d - 4 bread rations
 f - 8 fruits
 q - 2 meat rations
 r - 2 chunks of flesh
 t - 2 beef jerkies


   Skills:
 + Level 2.1 Fighting
 + Level 4.2 Dodging
 + Level 2.3 Stealth
 * Level 5.3 Unarmed Combat
 - Level 2.0 Spellcasting
 + Level 4.4 Transmutations
 + Level 1.9 Poison Magic


You had 5 spell levels left.
You knew the following spells:

 Your Spells              Type           Power        Failure   Level  Hunger
c - Spider Form           Trmt/Pois      #.........   21%         3    ####...
q - Beastly Appendage     Trmt           ##....       6%          1    ##.....


Dungeon Overview and Level Annotations

Branches:
Dungeon (4/15)
 Temple: D:4-7

Altars:
Fedhas
Kikubaaqudgha
Pakellas


Message History

The centaur shoots an arrow.
The arrow hits you.
You see here an arrow.
The centaur shoots an arrow.
The arrow hits you!
The centaur shoots an arrow.
The arrow misses you.
You see here an arrow.
The centaur shoots an arrow.
The arrow completely misses you.
Found a blossoming altar of Fedhas.
You hit the bush but do no damage.
The centaur shoots an arrow.
The arrow hits you!
Your transformation has ended.
Your +2 robe of cold resistance unmelds from your body.
You feel resistant to cold.
The centaur shoots an arrow.
The arrow hits you.
* * * LOW HITPOINT WARNING * * *
The centaur shoots an arrow.
The arrow closely misses you.
You see here an arrow.
The centaur shoots an arrow.
The arrow hits you.
* * * LOW HITPOINT WARNING * * *
You see here an arrow.
The centaur shoots an arrow.
The arrow hits you!
You die...

# .# ....## #. P .#
......
#.PP_PP.#######....#
#.PcPPP............##
#.PPPP..# #....##..
#...((..# #..####..
###(#..######..####..
####.((...#.......))..
#...(@###.#.#......#..
#.###.###.# #......#..
#.#.......# #.........
#.#.....##..#......#..
#..................###
###....###+####..#####
#...#8...#..8#.###..
#...#...#....#..#...
#...#....#...#......


You could see a centaur.

Vanquished Creatures
  An ogre (D:4)
  An orc wizard (D:4)
  Natasha (thrice) (D:2)
  6 adders
  An ooze (D:1)
  3 worms
  A dart slug (D:2)
  A giant gecko (D:4)
  7 orcs
  4 bats (D:2)
  2 giant cockroaches
  5 goblins
  16 hobgoblins
  2 jackals (D:3)
  11 kobolds
  2 quokkas
  A ball python (D:2)
  A giant newt (D:3)
  9 rats
77 creatures vanquished.

Vanquished Creatures (others)
  A yak (D:2)
1 creature vanquished.

Grand Total: 78 creatures vanquished

Notes
Turn   | Place    | Note
--------------------------------------------------------------
     0 | D:1      | Joat the Merfolk Transmuter began the quest for the Orb.
     0 | D:1      | Reached XP level 1. HP: 15/15 MP: 3/3
   241 | D:1      | Reached XP level 2. HP: 21/21 MP: 3/5
  1138 | D:2      | Reached XP level 3. HP: 24/26 MP: 4/6
  1148 | D:2      | Learned a level 3 spell: Spider Form
  1386 | D:2      | Reached skill level 4 in Unarmed Combat
  1641 | D:2      | Reached XP level 4. HP: 32/32 MP: 5/7
  1670 | D:2      | Found an ancient bone altar of Kikubaaqudgha.
  1691 | D:2      | Noticed Natasha
  1995 | D:2      | Found an oddly glowing altar of Pakellas.
  1995 | D:2      | Noticed an orange crystal statue
  1996 | D:2      | Noticed a yak
  2017 | D:2      | Killed a yak
  2389 | D:2      | Killed Natasha
  2389 | D:2      | Reached skill level 1 in Poison Magic
  2543 | D:2      | Noticed Natasha
  2550 | D:2      | Killed Natasha
  2550 | D:2      | Reached XP level 5. HP: 16/37 MP: 0/8
  2567 | D:2      | Noticed Natasha
  2645 | D:2      | Killed Natasha
  2645 | D:2      | Reached skill level 1 in Stealth
  3393 | D:3      | Reached skill level 5 in Unarmed Combat
  3590 | D:4      | Noticed an ogre
  3605 | D:4      | Killed an ogre
  3605 | D:4      | Reached XP level 6. HP: 44/44 MP: 2/9
  3785 | D:4      | Found a blossoming altar of Fedhas.
  3789 | D:4      | Shot with an arrow by a centaur

Skill      XL: |  1  2  3  4  5 |
---------------+----------------+-----
Transmutations | 3 4 |  4.4
Dodging        | 3 4 |  4.2
Unarmed Combat | 4 5 |  5.3
Poison Magic   | 1 |  1.9
Stealth        | 2 |  2.3
Fighting       | 2 |  2.1
Spellcasting   | |  2.0

Action                   |  1- 3 |  4- 6 || total
-------------------------+-------+-------++-------
Melee: Unarmed           |    95 |   160 ||   255
       Headbutt          |    17 |    10 ||    27
       Punch             |     2 |     2 ||     4
 Cast: Beastly Appendage |    23 |    15 ||    38
       Spider Form       |       |    10 ||    10
 Abil: End Transformatio |       |     3 ||     3
 Stab: Sleeping          |     2 |     3 ||     5
  Eat: Bread ration      |     1 |       ||     1
       Chunk             |       |     7 ||     7
Armor: Robe              |     8 |    15 ||    23
       Skin              |       |     1 ||     1
Dodge: Dodged            |    57 |   123 ||   180
